 Dungeon Crawl Stone Soup version 0.19-a0-1532-g228a5d9 (webtiles) character file.

110 epen the Insei (level 4, -3/37 HPs)
             Began as a Merfolk Monk on Sept 13, 2016.
             Slain by a wight
             ... wielding a +2 long sword
              (4 damage)
             ... on level 3 of the Dungeon.
             The game lasted 00:03:53 (2676 turns).

epen the Insei (Merfolk Monk)                       Turns: 2676, Time: 00:03:54

Health: -3/37      AC:  8    Str: 11    XL:     4   Next: 91%
Magic:  4/4        EV: 17    Int:  9    God:
Gold:   115        SH:  0    Dex: 22    Spells: 0 memorised, 3 levels left

rFire  . . .     SeeInvis .     s - +2 quarterstaff (speed)
rCold  . . .     Gourm    .     n - +0 ring mail
rNeg   . . .     Faith    .     (shield currently unavailable)
rPois  .         Spirit   .     c - +0 helmet
rElec  .         Dismiss  .     u - +0 cloak
rCorr  .         Reflect  .     (no gloves)
MR     .....     Harm     .     j - +0 pair of boots
Stlth  ++........               (no amulet)
                                (no ring)
                                (no ring)

@: agile, heavily drained
A: change form in water, swift swim, stealthy swim
a: no special abilities


You were on level 3 of the Dungeon.
You were hungry.

You visited 1 branch of the dungeon, and saw 3 of its levels.

You collected 115 gold pieces.

Inventory:

Hand Weapons
 s - a +2 quarterstaff of speed (weapon)
Missiles
 t - 2 throwing nets (quivered)
Armour
 a - a +0 robe
 c - a +0 helmet (worn)
 j - a +0 pair of boots (worn)
 n - a +0 ring mail (worn)
 u - a +0 cloak (worn)
Jewellery
 q - an uncursed amulet of faith {unknown}
Wands
 y - a wand of enslavement (12/24)
Scrolls
 d - 6 scrolls of remove curse
 e - 6 scrolls of identify
 f - a scroll of blinking {unknown}
 g - a scroll of recharging
 h - 2 scrolls of enchant armour {unknown}
 o - 2 scrolls of teleportation {unknown}
 r - 2 scrolls of random uselessness {unknown}
Potions
 v - a potion of flight {unknown}
 w - a potion of heal wounds {unknown}
 x - a potion of curing {unknown}
Comestibles
 b - 3 bread rations
 i - a beef jerky
 k - a meat ration
 l - a slice of pizza
 p - 4 fruits


   Skills:
 + Level 4.2(2.9) Fighting
 + Level 4.7(3.4) Dodging
 - Level 2.1(1.0) Stealth
 * Level 4.8(3.5) Unarmed Combat


You had 3 spell levels left.
You didn't know any spells.

Dungeon Overview and Level Annotations

Branches:
Dungeon (3/15)

Altars:


Message History

Press: ? - help, Shift-Dir - straight line, f/p - wight
Aim: a wight, wielding an enchanted long sword and wearing a robe (lightly damaged, chance to defeat MR: 46%)
The wight resists with some effort.
Evoking this partially-identified wand wasted a few charges.
The wight hits you with an enchanted long sword.
* * * LOW HITPOINT WARNING * * *
You feel drained.
Unknown command.
Okay, then.
Evoke which item? (* to show all) (? for menu, Esc to quit)
Zapping:
y - a wand of enslavement {zapped: 5} (will waste charges)
Press: ? - help, Shift-Dir - straight line, f/p - wight
Aim: a wight, wielding an enchanted long sword and wearing a robe (lightly damaged, chance to defeat MR: 46%)
The wight resists with some effort.
Evoking this partially-identified wand wasted a few charges.
The kobold closely misses you.
It was a potion of agility.
You feel agile all of a sudden.
The wight hits you with an enchanted long sword.
You die...

.# #.##.### .# #.##...#
.# #.###### ##### .# #.#
..... .# #.# #.#.# .# #.#
#z#.# .# #.# #z#.# '##
#.#.# #K#.##..# ..# #.#[#
#@#)##..# ..###.#.#
#z#.##..# ..'.#.#.#
#(#.##..# ..#.#.#.#
#(#.##..# ..+...#.#
#.#.##..#
..#.###.########.#.##..#
..+....[...............##
..#.#.#.########.#......#
..+..............#..#..##


You could see 3 wights and a kobold.

Vanquished Creatures
  A wight (D:3)
  An ooze (D:2)
  3 worms
  3 giant geckos
  3 orcs (D:3)
  8 bats
  2 giant cockroaches (D:3)
  7 goblins
  4 hobgoblins
  A quokka (D:2)
  A ball python (D:2)
  13 giant newts
  2 kobolds (D:1)
  3 rats
52 creatures vanquished.

Notes
Turn   | Place    | Note
-------+----------+-------------------------------------------
     0 | D:1      | epen the Merfolk Monk began the quest for the Orb.
     0 | D:1      | Reached XP level 1. HP: 18/18 MP: 1/1
    89 | D:1      | Reached XP level 2. HP: 13/24 MP: 2/2
   784 | D:2      | Reached XP level 3. HP: 23/30 MP: 3/3
  1944 | D:3      | Reached XP level 4. HP: 34/37 MP: 4/4
  2674 | D:3      | HP: 1/37 [wight/enchanted long sword (3)]
  2676 | D:3      | Slain by a wight

Vault maps used:
D:1:      scummos_arrival_hexagon, minmay_strange_pillars, minmay_lizard_king
D:2:      first_bread, corner_web_ring, corexii_corridor_pit,
          minmay_tetromino_s2
D:3:      makhleb_altar_promises_db

Skill      XL: |  1  2  3 |
---------------+----------+-----
Unarmed Combat | 4 |  4.8
Fighting       | 4 |  4.2
Dodging        | |  4.7
Stealth        | |  2.1

Action                   |  1- 3 |  4- 6 || total
-------------------------+-------+-------++-------
Melee: Unarmed           |   158 |       ||   158
       Punch             |     1 |       ||     1
       Quarterstaff      |       |    19 ||    19
Evoke: Wand              |       |     3 ||     3
  Use: Scroll            |       |     2 ||     2
       Potion            |       |     1 ||     1
 Stab: Sleeping          |     6 |     1 ||     7
  Eat: Chunk             |     3 |     2 ||     5
Armor: Robe              |    17 |       ||    17
       Ring mail         |    13 |     3 ||    16
Dodge: Dodged            |   133 |    10 ||   143
